 Dungeon Crawl Stone Soup version 0.31-a0-233-g139696dc86 (webtiles) character file.

Game seed: 1571100086274176188

779707 olmar the Minotaur Barricade (level 27, -2/292 (300) HPs)
             Began as a Minotaur Fighter on July 9, 2023.
             Was an Initiate of Gozag.
             Killed from afar by a war gargoyle (40 damage)
             ... with a spray of metal splinters
             ... on level 2 of the Iron City of Dis.
             The game lasted 02:48:14 (102465 turns).

olmar the Minotaur Barricade (Minotaur Fighter)   Turns: 102465, Time: 02:48:15

HP:   -2/292 (300)  AC: 38    Str: 25 (26) XL:     27
MP:   34/40         EV: 20    Int:  7      God:    Gozag
Gold: 8107          SH: 29    Dex:  4 (5)  Spells: 26/26 levels left

rFire   + + +        x - +9 eveningstar (vamp)
rCold   + + .        S - +2 tower shield {rPois}
rNeg    . . .        R - +9 scales of the Dragon King {rPois rF+ rC+ Will+}
rPois   +            c - +2 hood of the Assassin {Detect Stab+ Stlth++}
rElec   +            B - +0 cloak of Dithmenos's Esteem {rF+ rC+ Regen+ Str-3}
rCorr   +            X - +2 pair of gloves {infuse}
SInv    .            z - +0 pair of boots of the Blessed Realm {rPois Int+2 Stlth-}
Will    +++++        L - amulet of Sedymmo {Reflect rF++ Will+ MP+9 Dex-5 SH+5} Stlth
                     u - ring of Fead {rElec Will++ rCorr MP+9 Dex-2}
HPRegen 1.48/turn    M - ring of the Hare {EV+10}
MPRegen 0.27/turn

%: reflection, infuse magic (1 MP)
@: gold aura, studying 3 skills, slowed movement, lightly drained, corroded,
very slow
A: horns 2, retaliatory headbutt, claws 1, deterioration 1, robust 1, weak 2,
wild magic 1
}: 7/15 runes: decaying, slimy, silver, obsidian, icy, abyssal, gossamer
a: Renounce Religion, Potion Petition, Call Merchant, Bribe Branch


You were on level 2 of the Iron City of Dis.
You worshipped Gozag.
Gozag was greatly pleased with you.
You visited 16 branches of the dungeon, and saw 71 of its levels.
You visited the Abyss 1 time.
You also visited: Trove, Ossuary, Gauntlet and Ice Cave.

You collected 39384 gold pieces.
You spent 8644 gold pieces at shops.
You paid 22633 gold pieces to Gozag.

Inventory:

Hand Weapons
 q - the +13 sceptre of Asmodeus
   (You took it off Asmodeus on level 7 of Gehenna)

   Fire Summon: It may summon demons of flame and damnation when striking foes.
 x - a +9 vampiric eveningstar (weapon)
Armour
 c - the +2 hood of the Assassin (worn) {Detect Stab+ Stlth++}
   (You found it on level 7 of Gehenna)

   Detect:    It allows the wearer to sense nearby creatures.
   Stab+:     It allows the wearer to make particularly effective stabbing
   attacks against helpless or unaware enemies with any weapon.
   Stlth:     It makes you much more stealthy.
 z - the +0 pair of boots of the Blessed Realm (worn) {rPois Int+2 Stlth-}
   (You found it on level 4 of the Vaults)

   Int:       It affects your intelligence (+2).
   rPois:     It protects you from poison.
   Stlth:     It makes you less stealthy.
 B - the +0 cloak of Dithmenos's Esteem (worn) {rF+ rC+ Regen+ Str-3}
   (You bought it in a shop on level 5 of the Vaults)

   Str:       It affects your strength (-3).
   rF:        It protects you from fire.
   rC:        It protects you from cold.
   Regen:     It increases your rate of health regeneration.
 R - the +9 scales of the Dragon King (worn) {rPois rF+ rC+ Will+}
   (You bought it in a shop on level 4 of the Depths)

   rF:        It protects you from fire.
   rC:        It protects you from cold.
   rPois:     It protects you from poison.
   Will:      It increases your willpower.
 S - a +2 tower shield of poison resistance (worn)
 X - a +2 pair of gloves of infusion (worn)
Jewellery
 e - the amulet "Wotzuhoit" {Reflect -Cast rC+ Will+ SH+5}
   (You found it in a treasure trove)

   [amulet of reflection]

   It reflects blocked missile attacks.
   rC:        It protects you from cold.
   -Cast:     It prevents spellcasting.
   SH:        It affects your SH (+5).
   Will:      It increases your willpower.
 t - the ring "Yroapo" {rF+ rC+ rCorr Dex+5}
   (You took it off an ironbound preserver on level 5 of the Vaults)

   [ring of protection from fire]

   Dex:       It affects your dexterity (+5).
   rF:        It protects you from fire.
   rC:        It protects you from cold.
   rCorr:     It protects you from acid and corrosion.
 u - the ring of Fead (left hand) {rElec Will++ rCorr MP+9 Dex-2}
   (You found it in a treasure trove)

   [ring of resist corrosion]

   Dex:       It affects your dexterity (-2).
   rElec:     It insulates you from electricity.
   MP:        It affects your magic capacity (+9).
   rCorr:     It protects you from acid and corrosion.
   Will:      It greatly increases your willpower.
 F - the ring of Dishonesty {rF+ Will+ Int+3 Dex+3}
   (You found it on level 13 of the Dungeon)

   [ring of willpower]

   Int:       It affects your intelligence (+3).
   Dex:       It affects your dexterity (+3).
   rF:        It protects you from fire.
   Will:      It increases your willpower.
 L - the amulet of Sedymmo (around neck) {Reflect rF++ Will+ MP+9 Dex-5 SH+5}
   (You acquired it on level 12 of the Dungeon)

   [amulet of reflection]

   It reflects blocked missile attacks.
   Dex:       It affects your dexterity (-5).
   rF:        It greatly protects you from fire.
   MP:        It affects your magic capacity (+9).
   SH:        It affects your SH (+5).
   Will:      It increases your willpower.
 M - the ring of the Hare (right hand) {EV+10}
   (You found it in a treasure trove)

   [ring of evasion]

   EV:        It affects your evasion (+10).
 N - the necklace of Bloodlust {Fury *Rage Will++ Int-3 Slay+6}
   (You found it on level 7 of Gehenna)

   [amulet of nothing]

   Fury:      It extends the wearer's berserk rage when killing foes.
   Int:       It affects your intelligence (-3).
   Slay:      It affects your accuracy & damage with ranged weapons and melee
   (+6).
   *Rage:     It berserks you when you make melee attacks (+50% chance).
   Will:      It greatly increases your willpower.
Wands
 y - a wand of roots (34)
 D - a wand of mindburst (26)
 I - a wand of digging (22)
 K - a wand of flame (144) (quivered)
 T - a wand of polymorph (22)
 U - a wand of light (44)
 W - a wand of charming (23)
Scrolls
 a - 8 scrolls of enchant armour
 f - 3 scrolls of butterflies
 g - 9 scrolls of fog
 k - 14 scrolls of revelation
 o - 8 scrolls of silence
 V - 2 scrolls of blinking
Potions
 h - 2 potions of resistance
 i - 8 potions of attraction
 n - 9 potions of lignification
 r - 3 potions of haste
 v - a potion of mutation
 w - 3 potions of invisibility
 A - 4 potions of berserk rage
 C - 2 potions of might
 E - 7 potions of curing
 Q - 4 potions of cancellation
 Y - 4 potions of enlightenment
 Z - 7 potions of ambrosia
Miscellaneous
 b - a phantom mirror
 d - a phial of floods
 j - the horn of Geryon
 m - a box of beasts (inert)
 G - a tin of tremorstones (2/2)
 H - a lightning rod (4/4)
 J - a piece from Xom's chessboard (15/15)


   Skills:
 O Level 27 Fighting
 O Level 27 Maces & Flails
 - Level 3.5 Throwing
 O Level 27 Armour
 + Level 23.8 Dodging
 + Level 19.1 Stealth
 O Level 27 Shields
 + Level 16.2 Evocations


You had 26 spell levels left.
You didn't know any spells.
Your spell library contained the following spells:

 Spells                   Type           Power      Damage    Failure   Level
 Apportation              Tloc           0%         N/A       98%         1
 Beastly Appendage        Tmut           0%         N/A       98%         1
 Foxfire                  Conj/Fire      0%         2x1d4     98%         1
 Freeze                   Ice            0%         1d3       98%         1
 Kiss of Death            Conj/Necr      0%         2d5       98%         1
 Magic Dart               Conj           0%         1d3       98%         1
 Necrotise                Necr           0%         1d4       98%         1
 Sandblast                Erth           0%         2d4       98%         1
 Sting                    Tmut/Pois      0%         1d3       98%         1
 Summon Small Mammal      Summ           0%         N/A       98%         1
 Blink                    Tloc           0%         N/A       99%         2
 Call Imp                 Summ           0%         N/A       99%         2
 Cigotuvi's Dreadful Rot  Necr/Pois/Air  0%         N/A       99%         2
 Lesser Beckoning         Tloc           0%         N/A       99%         2
 Momentum Strike          Conj/Tloc      0%         3d8       99%         2
 Passwall                 Tmut/Erth      0%         N/A       99%         2
 Poisonous Vapours        Pois/Air       0%         N/A       99%         2
 Scorch                   Fire           0%         2d5       99%         2
 Searing Ray              Conj           0%         2d4       99%         2
 Static Discharge         Conj/Air       0%         2-2/arc   99%         2
 Sublimation of Blood     Necr           0%         N/A       99%         2
 Wereblood                Tmut           0%         N/A       99%         2
 Call Canine Familiar     Summ           0%         N/A       100%        3
 Confusing Touch          Hex            0%         N/A       100%        3
 Dazzling Flash           Conj/Hex       0%         N/A       100%        3
 Frozen Ramparts          Ice            0%         1d1       100%        3
 Gell's Gravitas          Tloc           0%         N/A       100%        3
 Hailstorm                Conj/Ice       0%         3d3       100%        3
 Inner Flame              Hex/Fire       0%         N/A       100%        3
 Mephitic Cloud           Conj/Pois/Air  0%         N/A       100%        3
 Portal Projectile        Hex/Tloc       0%         N/A       100%        3
 Spider Form              Tmut/Pois      0%         N/A       100%        3
 Stone Arrow              Conj/Erth      0%         3d7       100%        3
 Summon Guardian Golem    Hex/Summ       0%         N/A       100%        3
 Teleport Other           Tloc           0%         N/A       100%        3
 Vampiric Draining        Necr           0%         2d6       100%        3
 Vhi's Electric Charge    Tloc/Air       0%         N/A       100%        3
 Volatile Blastmotes      Fire/Tloc      0%         2d10      100%        3
 Airstrike                Air            0%         2d(0-16)  100%        4
 Anguish                  Hex/Necr       0%         N/A       100%        4
 Animate Armour           Summ/Erth      0%         N/A       100%        4
 Dispel Undead            Necr           0%         3d6       100%        4
 Flame Wave               Conj/Fire      0%         2d4       100%        4
 Fulminant Prism          Conj/Hex       0%         3d5       100%        4
 Iskenderun's Mystic Bla  Conj/Tloc      0%         2d3       100%        4
 Leda's Liquefaction      Hex/Erth       0%         N/A       100%        4
 Olgreb's Toxic Radiance  Pois           0%         N/A       100%        4
 Passage of Golubria      Tloc           0%         N/A       100%        4
 Petrify                  Tmut/Erth      0%         N/A       100%        4
 Summon Lightning Spire   Summ/Air       0%         N/A       100%        4
 Agony                    Necr           0%         N/A       100%        5
 Arcjolt                  Conj/Air       0%         1d10      100%        5
 Blade Hands              Tmut           0%         N/A       100%        5
 Fireball                 Conj/Fire      0%         3d3       100%        5
 Irradiate                Conj/Tmut      0%         3d11      100%        5
 Lee's Rapid Deconstruct  Erth           0%         3d4*      100%        5
 Metabolic Englaciation   Hex/Ice        0%         N/A       100%        5
 Silence                  Hex/Air        0%         N/A       100%        5
 Summon Forest            Summ/Tloc      0%         N/A       100%        5
 Summon Mana Viper        Hex/Summ       0%         N/A       100%        5
 Yara's Violent Unravell  Hex/Tmut       0%         3d3       100%        5
 Conjure Ball Lightning   Conj/Air       0%         3x3d6     100%        6
 Dispersal                Tloc           0%         N/A       100%        6
 Eringya's Noxious Bog    Tmut/Pois      0%         4d6       100%        6
 Plasma Beam              Fire/Air       0%         2x1d10    100%        6
 Starburst                Conj/Fire      0%         6d3       100%        6
 Statue Form              Tmut/Erth      0%         N/A       100%        6
 Summon Cactus Giant      Summ           0%         N/A       100%        6
 Dragon Form              Tmut           0%         N/A       100%        7
 Enfeeble                 Hex            0%         N/A       100%        7
 Orb of Destruction       Conj           0%         9d5       100%        7
 Ozocubu's Refrigeration  Ice            0%         4d7       100%        7
 Spellforged Servitor     Conj/Summ      0%         N/A       100%        7
 Summon Hydra             Summ           0%         N/A       100%        7
 Borgnjor's Revivificati  Necr           0%         N/A       100%        8
 Discord                  Hex            0%         N/A       100%        8
 Disjunction              Tloc           0%         N/A       100%        8
 Infestation              Necr           0%         N/A       100%        8
 Lehudib's Crystal Spear  Conj/Erth      0%         10d2      100%        8
 Maxwell's Capacitive Co  Air            0%         ∞         100%        8
 Necromutation            Tmut/Necr      0%         N/A       100%        8
 Death's Door             Necr           0%         N/A       100%        9
 Polar Vortex             Ice            0%         N/A       100%        9
 Simulacrum               Ice/Necr       Unusable   N/A       N/A         6

Dungeon Overview and Level Annotations

Branches:
Dungeon (15/15)            Temple (1/1) D:6            Lair (5/5) D:10
  Swamp (4/4) Lair:3       Spider (4/4) Lair:3        Slime (5/5) Lair:4
    Orc (2/2) D:12            Elf (3/3) Orc:2        Vaults (5/5) D:14
  Crypt (3/3) Vaults:3       Tomb (0/3) Crypt:3      Depths (4/4) D:15
   Hell (visited)             Dis (2/7) Hell            Geh (7/7) Hell
    Coc (7/7) Hell            Tar (0/7) Hell            Zot (3/5) Depths:4
Ossuary (visited)           IceCv (visited)         Gauntlet (visited)

Altars:
Ashenzari
Cheibriados
Dithmenos
Elyvilon
Fedhas
Gozag
Hepliaklqana
Kikubaaqudgha
Makhleb
Nemelex Xobeh
Okawaru
Qazlal
Sif Muna
Trog
Uskayaw
Wu Jian
Xom
Yredelemnul
Zin
The Shining One
Jiyva

Shops:
D:10 *   D:14 [*(   Orc:1 *   Orc:2 ((*:   Elf:2 *   Elf:3 !   Lair:3 [
Swamp:1 [[   Vaults:2 [*   Vaults:5 [   Depths:1 [   Depths:2 [   Depths:4 [[

Portals:
Hell: Depths:1 Depths:2 Depths:3 Depths:4
Abyss: Depths:1 Depths:3 Depths:4
Pandemonium: Depths:1 Depths:2 Depths:4
Ziggurat: Depths:4

Annotations:
D:7 1 runed translucent door, Crazy Yiuf
D:8 4 transporters
Lair:1 2 transporters, Fractals's ghost, journeyman AtFi
Lair:4 exclusion: 2 oklob plants
Crypt:2 2 transporters
Coc:7 exclusion: 2 ice statues
Zot:3 Parghit


Innate Abilities, Weirdness & Mutations

You have a pair of horns on your head.
You reflexively headbutt those who attack you in melee.
You have sharp fingernails.
Your body sometimes deteriorates upon taking damage.
You are robust. (+10% HP)
You are very weak. (Str -4)
Your spells are a little harder to cast, but a little more powerful.


Message History

You barely miss the tormentor. You headbutt the tormentor.
The tormentor is moderately wounded.
Your balrug barely misses the crystal echidna.
The crystal echidna throws crystal bolt at you.
The crystal bolt burns you but does no damage.
You block the war gargoyle's attack.
Unknown command.
You barely miss the tormentor.
The tormentor is moderately wounded.
You block the tormentor's attack. The tormentor completely misses you.
Your balrug hits the crystal echidna but does no damage.
The crystal echidna is distracted by your dazzling golden aura.
The war gargoyle launches metal splinters at you.
The spray of metal splinters hits you!!
* * * LOW HITPOINT WARNING * * *
Your body deteriorates!
You feel weakened.
You feel much better.
The tormentor calls on the powers of darkness!
Your body is wracked with pain!
* * * LOW HITPOINT WARNING * * *
Your balrug hits the crystal echidna with a +2 vampiric demon whip!
The crystal echidna is engulfed in flames.
The crystal echidna completely resists.
You block the war gargoyle's attack.
Unknown command.
Unknown command.
You feel a sense of dread.
x - a +9 vampiric eveningstar (weapon)
The war gargoyle launches metal splinters at you.
The spray of metal splinters misses you.
Your balrug hits the crystal echidna with a +2 vampiric demon whip.
The crystal echidna is engulfed in flames.
The crystal echidna completely resists.
The crystal echidna is no longer distracted by gold.
You bludgeon the crystal echidna!!
You destroy the crystal echidna!
The tormentor screams, "You will die horribly!"
The war gargoyle launches metal splinters at you.
The spray of metal splinters hits you!!!
You die...
Your body crumbles into a pile of gold.

#########
#.......+
#.......#
#......$#
#...~∩@2#
#....9Er#
#...~.2.#
#.........
#.....>.##.
#.......#
..
#........ .
#......^##


You could see a quicksilver elemental, a crystal echidna (ally target), a war
gargoyle (catching breath), a tormentor and a friendly balrug (summoned).

Vanquished Creatures
  Antaeus (Coc:7)
  the Royal Jelly (Slime:5)
  Asmodeus (Geh:7)
  Dissolution (Slime:2)
  3 dread liches
  An ancient lich (Coc:1)
  Khufu (Crypt:2)
  A royal mummy (Crypt:3)
  Boris (twice) (Crypt:3 Depths:4)
  Vv (Depths:2)
  Margery (Depths:4)
  6 caustic shrikes
  Saint Roka (Crypt:3)
  Geryon (Hell)
  Nikola (Spider:4)
  5 golden dragons
  Arachne (Spider:2)
  3 profane servitors
  4 bone dragons
  the Enchantress (D:15)
  11 Brimstone Fiends
  16 hellephants
  2 electric golems
  Jorgrun (D:13)
  12 liches
  2 Hell Sentinels (Dis:1)
  13 tentacled monstrosities
  Rupert (Lair:3)
  The ghost of Shard1697 the Peltast, an adept DjSu of Jiyva (Swamp:3)
  Mlioglotl (Swamp:1)
  2 walking crystal tomes (Depths:2)
  A deep elf blademaster (Elf:3)
  A walking earthen tome (Depths:2)
  10 Ice Fiends
  2 deep elf master archers (Elf:3)
  A tainted leviathan (Hell)
  A quicksilver dragon (Zot:3)
  21 searing wretches
  A walking frostbound tome (Depths:3)
  27 acid blobs
  15 titans
  Murray (Depths:1)
  3 death cobs
  The ghost of Naox the Unseen, an adept KoAr of Uskayaw (Vaults:4)
  Gastronok (Orc:1)
  4 tentacled starspawn
  5 sphinxes
  7 ancient champions
  3 shadow dragons
  The ghost of frimble the Blocker, an adept OpWr of Cheibriados (Elf:3)
  6 storm dragons
  2 revenants
  27 azure jellies
  Roxanne (Swamp:1)
  Kirke (D:15)
  6 tengu reavers
  11 rockslimes
  2 draconian knights (Zot:2)
  24 fire giants
  3 emperor scorpions
  3 fenstrider witches
  35 narguns
  The ghost of Hiweh the Destroyer, a journeyman DgCj (D:15)
  4 iron dragons
  3 ghost moths
  10 frost giants
  2 draconian monks (Zot:3)
  A draconian scorcher (Depths:4)
  12 deep elf sorcerers
  A ghost moth (shapeshifter) (Depths:2)
  19 balrugs
  Aizul (Depths:1)
  A draconian shifter (Depths:4)
  A juggernaut zombie (Crypt:3)
  A caustic shrike zombie (Hell)
  4 deep elf elementalists (Elf:3)
  14 vault wardens
  14 ghouls
  21 ironbound preservers
  3 curse skulls
  Louise (Spider:3)
  7 shard shrike simulacra
  An orc warlord (Orc:1)
  3 cacodemons
  A draconian annihilator (Zot:3)
  2 draconian stormcallers (Zot:3)
  2 reapers (Hell)
  26 very ugly things
  An ophan (Abyss:1)
  19 stone giants
  7 spriggan defenders
  12 formless jellyfish
  5 ironbound thunderhulks
  17 elemental wellsprings
  7 black draconians
  7 war gargoyles
  8 vampire knights
  17 quicksilver oozes
  3 green draconians
  7 deep elf annihilators
  4 dire elephants
  2 lorocyprocas
  4 purple draconians
  2 eleionomae
  4 yellow draconians
  5 putrid mouths
  6 bunyips
  4 deep elf demonologists
  A minotaur (Gauntlet)
  5 white draconians
  11 wendigos
  17 spark wasps
  A red draconian (Zot:2)
  A crystal guardian (Vaults:3)
  11 eidola
  A blizzard demon (Depths:1)
  Snorg (Lair:4)
  8 deep elf death magi
  8 entropy weavers
  18 ettins
  A quicksilver dragon zombie (Crypt:3)
  A great orb of eyes (shapeshifter) (Depths:4)
  3 iron golems
  12 yaktaur captains
  10 jiangshi
  Josephine (D:15)
  12 fire dragons
  9 deep elf high priests
  Fannar (D:10)
  2 kraken zombies (Hell)
  A fenstrider witch zombie (Crypt:1)
  4 salamander tyrants
  A peacekeeper (Vaults:3)
  14 ice dragons
  3 ogre magi
  6 rakshasas
  11 caustic shrike simulacra
  14 great orbs of eyes
  3 radroaches (Spider:4)
  4 juggernaut simulacra
  30 vault guards
  A merfolk avatar (Lair:5)
  3 ghost crabs
  12 hydras
  2 catoblepae
  13 centaur warriors
  16 ironbound frosthearts
  A radroach (shapeshifter) (Vaults:5)
  10 spriggan air magi
  4 death knights
  8 stokers
  11 deep troll earth magi
  30 dancing weapons
  5 alligators
  6 two-headed ogres (Vaults:2)
  14 boulder beetles
  10 deep troll shamans
  6 death yaks (Lair:5)
  22 hell hogs
  5 tengu warriors
  19 demonic crawlers
  15 hell knights
  5 orc high priests (Orc:2)
  7 sun demons
  A thrashing horror (Abyss:1)
  11 spriggan berserkers
  9 vampire magi
  8 soul eaters
  28 deep elf knights
  A titan skeleton (Crypt:1)
  6 pharaoh ants
  6 wretched stars (Abyss:1)
  Amaemon (D:8)
  7 iron trolls
  A sun moth (Spider:4)
  A sixfirhy (Depths:4)
  An iron giant zombie (Crypt:3)
  A storm dragon skeleton (Crypt:1)
  26 skeletal warriors
  3 skysharks
  3 sea snakes
  A crystal echidna (Dis:2)
  2 goliath frogs (Swamp:2)
  2 anaconda zombies
  2 death drakes
  3 spriggan druids
  3 swamp dragons
  7 quicksilver dragon simulacra
  8 glowing orange brains
  A glowing orange brain (shapeshifter) (Depths:3)
  6 orb spiders
  12 flayed ghosts
  47 deep trolls
  2 bunyip zombies
  128 slime creatures
  10 bog bodies
  21 phantasmal warriors
  3 orange crystal statues
  11 deep elf archers
  8 lindwurms
  15 steelbarb worms
  2 spriggan simulacra
  18 necromancers
  3 orc knights (Orc:2)
  33 deep elf zephyrmancers
  A mana viper (shapeshifter) (D:15)
  3 harpies (Lair:5)
  A fenstrider witch simulacrum (Coc:1)
  An anaconda skeleton (Crypt:1)
  15 ironbound convokers
  4 wizards
  38 deep elf pyromancers
  3 orc sorcerers
  A spectral hydra (Swamp:4)
  36 ugly things
  10 wolf spiders
  13 moths of wrath
  16 elephants
  9 shining eyes
  A salamander (Depths:1)
  6 will-o-the-wisps
  7 cyclopes
  5 manticores
  A stone giant zombie (Abyss:1)
  An iron dragon zombie (Crypt:3)
  A moth of wrath (shapeshifter) (Depths:2)
  An alligator snapping turtle zombie (Crypt:3)
  10 rust devils
  3 dire elephant zombies
  3 titan simulacra
  2 ice statues
  9 torpor snails
  3 black mambas
  An apocalypse crab (Abyss:1)
  13 vault sentinels
  2 eyes of devastation (Slime:5)
  3 molten gargoyles
  10 hellions
  A dire elephant skeleton (Hell)
  7 smoke demons
  4 large abominations
  3 orange demons
  15 freezing wraiths
  9 cane toads
  2 storm dragon simulacra (Coc:1)
  2 unseen horrors (D:13)
  2 gargoyles
  13 komodo dragons
  A white draconian zombie (Crypt:1)
  A centaur skeleton (Hell)
  5 kobold demonologists
  5 anaconda simulacra
  4 swamp worm zombies
  An orc skeleton (Crypt:1)
  3 bunyip simulacra
  15 rime drakes
  7 tormentors
  A sea snake zombie (Hell)
  8 ice devils
  2 efreet (D:14)
  37 yaktaurs
  A catoblepas skeleton (Crypt:1)
  5 tengu conjurers
  4 golden dragon simulacra
  2 iron giant simulacra
  A hellwing (Abyss:1)
  5 ancient zymes (Abyss:1)
  8 hydra zombies
  4 red devils
  4 harpy zombies
  A sea snake skeleton (Hell)
  9 trolls
  3 guardian mummies
  11 polar bears
  6 meliai
  14 hornets
  A merfolk zombie (Crypt:1)
  4 alligator zombies (Swamp:4)
  10 tarantellas
  2 hydra skeletons (Hell)
  9 tyrant leeches
  An ettin zombie (Crypt:3)
  11 raiju
  4 stone giant simulacra
  25 blink frogs
  4 iron dragon simulacra
  12 dream sheep
  3 spectral swamp dragons (Swamp:4)
  6 flying skulls (Crypt:1)
  A black mamba zombie (Crypt:3)
  14 culicivoras
  A satyr skeleton (Crypt:2)
  4 vampires
  5 air elementals
  16 spriggans
  3 ynoxinuls
  19 jumping spiders
  4 shadows
  13 wraiths
  An ettin skeleton (Crypt:1)
  8 wyverns
  A centaur simulacrum (Crypt:2)
  6 dire elephant simulacra
  An ushabti (Crypt:3)
  9 starcursed masses
  15 water elementals
  3 alligator snapping turtle simulacra
  A naga simulacrum (Coc:7)
  3 fire elementals
  13 basilisks
  3 hogs (D:15)
  9 golden eyes
  48 yaks
  A human (shapeshifter) (D:15)
  A chaos spawn (Abyss:1)
  11 neqoxecs
  5 vampire mosquitoes
  46 redbacks
  A redback (shapeshifter) (Depths:2)
  16 swamp worms
  A yaktaur simulacrum (Vaults:3)
  2 wargs
  A glowing shapeshifter zombie (Crypt:2)
  Edmund (D:5)
  A steam dragon (Lair:2)
  8 small abominations
  12 harpy simulacra
  14 water moccasins
  An acid dragon (D:9)
  A fire bat skeleton (Crypt:1)
  A water nymph skeleton (Crypt:1)
  44 orc warriors
  2 swamp dragon zombies (Swamp:4)
  A black mamba simulacrum (Coc:1)
  2 swamp drakes
  2 ice beasts
  9 ettin simulacra
  2 sky beasts
  7 black bears
  10 boggarts
  5 centaurs
  9 wolves
  10 ogres
  A manticore skeleton (Crypt:2)
  An elf simulacrum (Vaults:3)
  9 kobold brigands
  10 phantoms
  A lemure (D:8)
  9 bullfrogs
  4 scorpions
  A demonspawn simulacrum (Crypt:1)
  An earth elemental (Elf:2)
  17 necrophages
  7 wights
  3 wyvern skeletons (Crypt:3)
  24 killer bees
  A troll zombie (Crypt:1)
  3 spriggan zombies
  A swamp dragon simulacrum (Abyss:1)
  A shapeshifter skeleton (Crypt:2)
  A spriggan skeleton (Crypt:2)
  A howler monkey (D:8)
  6 electric eels
  A quasit (D:6)
  4 hounds
  39 orc priests
  A gnoll bouda (D:5)
  2 human zombies (Crypt:1)
  2 human skeletons (Crypt:1)
  A jelly (D:4)
  2 sleepcaps
  3 iron imps (Abyss:1)
  4 iguanas
  2 lightning spires (Gauntlet)
  18 orc wizards
  2 spectral swamp drakes (Swamp:4)
  4 hell rats (Lair:3)
  A naga skeleton (Crypt:1)
  17 mummies
  13 adders
  A swamp drake zombie (Swamp:4)
  9 gnolls
  A steam dragon zombie (Crypt:1)
  4 shadow imps
  3 white imps
  7 ufetubi
  A worm (D:2)
  6 dart slugs
  73 orcs
  6 ball pythons
  A bat (D:2)
  5 endoplasms
  6 giant cockroaches
  2 hobgoblins (D:2)
  6 jackals
  3 quokkas
  5 frilled lizards
  2 gnoll zombies (Ossuary)
  3 goblins (D:1)
  A goblin zombie (Crypt:1)
  6 hobgoblin zombies
  41 kobolds
  A kobold zombie (Ossuary)
  2 orc zombies
  10 rats
  A creeping inferno (Geh:3)
  19 fire vortices
  A spectral weapon (Swamp:4)
  A starspawn tentacle (Abyss:1)
  5 tentacles (Hell)
2965 creatures vanquished.

Vanquished Creatures (collateral kills)
  A hellephant (Geh:7)
  A searing wretch (Geh:7)
  An ancient champion (Dis:1)
  A fire giant (Geh:7)
  A balrug (Geh:7)
  A spriggan druid (Swamp:3)
  A swamp dragon (Swamp:3)
  A bog body (Swamp:4)
  A phantasmal warrior (Vaults:5)
  An elephant slug zombie (Crypt:1)
  A tyrant leech (Swamp:3)
  A culicivora (Spider:1)
  2 spriggans (Swamp:3)
  A redback (Spider:1)
  A swamp worm (Lair:4)
  A cane toad skeleton (Crypt:1)
  A killer bee (Lair:4)
  A swamp drake zombie (Swamp:4)
  2 orcs (Orc:1)
21 creatures vanquished.

Vanquished Creatures (others)
  An ancient lich (Vaults:5)
  Frederick (Vaults:3)
  A storm dragon (Zot:1)
  A draconian monk (Zot:3)
  An elemental wellspring (Coc:7)
  An eidolon (Crypt:3)
  2 caustic shrike simulacra
  An ice dragon (IceCv)
  A deep elf high priest (Elf:3)
  A deep elf knight (Elf:3)
  A goliath frog (Swamp:3)
  A pharaoh ant (Spider:1)
  A death drake (Swamp:3)
  3 deep elf pyromancers
  A titan simulacrum (Coc:1)
  A bunyip simulacrum (Coc:2)
  3 bloated husks (Swamp:4)
  A tarantella (Spider:1)
  A jumping spider (Spider:4)
  2 humans (D:15)
  2 dire elephant simulacra (Coc:1)
  A vampire mosquito (D:14)
  A redback (Spider:4)
  2 harpy simulacra (Coc:2)
  A water moccasin (Lair:4)
  An ettin simulacrum (Coc:2)
  2 killer bees (Lair:4)
  A shadow imp (D:6)
  5 creeping infernos
  A fire vortex (Geh:2)
  36 foxfires
  3 starspawn tentacles
  8 tentacles (Hell)
90 creatures vanquished.

Grand Total: 3076 creatures vanquished

Notes
Turn   | Place    | Note
-------+----------+-------------------------------------------
     0 | D:1      | olmar the Minotaur Fighter began the quest for the Orb.
     0 | D:1      | Reached XP level 1. HP: 19/19 MP: 0/0
   167 | D:1      | Reached XP level 2. HP: 27/27 MP: 1/1
   563 | D:2      | Reached XP level 3. HP: 33/33 MP: 2/2
   673 | D:2      | Identified the amulet "Yfafebra" {Faith Harm Fly rPois
                  | Str-5 Stlth+}
   896 | D:2      | Reached XP level 4. HP: 33/40 MP: 3/3
  1845 | D:4      | Reached XP level 5. HP: 42/47 MP: 4/4
  1946 | D:4      | Noticed a phantom
  1952 | D:4      | Killed a phantom
  1953 | D:4      | Reached skill level 5 in Maces & Flails
  1953 | D:4      | Reached skill level 5 in Armour
  2006 | D:4      | Noticed an ogre
  2011 | D:4      | Killed an ogre
  2012 | D:4      | Reached XP level 6. HP: 29/53 MP: 2/5
  2143 | D:4      | Found an ornate altar of the Wu Jian Council.
  2469 | D:5      | Entered Level 5 of the Dungeon
  2633 | D:5      | Noticed Edmund
  2652 | D:5      | Killed Edmund
  2653 | D:5      | Reached skill level 5 in Fighting
  2653 | D:5      | Reached XP level 7. HP: 45/61 MP: 4/6
  2741 | D:5      | Found a broken altar of Ashenzari.
  2847 | D:5      | Found an iron altar of Okawaru.
  3231 | D:5      | Reached XP level 8. HP: 56/69 MP: 5/7
  3583 | D:6      | Reached skill level 5 in Shields
  3689 | D:6      | Found a staircase to the Ecumenical Temple.
  3701 | Temple   | Entered the Ecumenical Temple
  3830 | Temple   | Became a worshipper of Gozag Ym Sagoz the Greedy
  4355 | D:6      | Reached XP level 9. HP: 73/78 MP: 8/8
  4695 | D:7      | Identified the +3 sling "Luxum" {heavy, *Corrode Dex+2
                  | Stlth+}
  4713 | D:7      | Reached skill level 10 in Maces & Flails
  5417 | D:7      | Found a runed translucent door.
  5418 | D:7      | Noticed Crazy Yiuf
  5693 | D:8      | Reached skill level 1 in Evocations
  5729 | D:8      | Found a sand-covered staircase.
  5738 | Ossuary  | Entered an ossuary
  6179 | D:8      | Found a transporter.
  6526 | D:8      | Found a transporter.
  6565 | D:8      | Found a transporter.
  6706 | D:8      | Noticed Amaemon
  6712 | D:8      | Noticed an orange demon
  6747 | D:8      | Killed Amaemon
  6750 | D:8      | an orange demon changed into a lemure
  7210 | D:8      | Reached XP level 10. HP: 85/88 MP: 9/9
  7741 | D:8      | Noticed Maurice
  7743 | D:8      | Maurice changed into Maurice the black bear
  7743 | D:8      | Noticed Maurice
  7751 | D:8      | Killed Maurice the black bear
  7752 | D:8      | Reached skill level 10 in Armour
  7852 | D:8      | Identified the +4 spear of the Priest {freeze, Fly Dex+3}
  8025 | D:8      | Found a transporter.
  8995 | D:10     | Entered Level 10 of the Dungeon
  9066 | D:10     | Found Jaolu's General Store.
  9101 | D:10     | Bought a +2 chain mail of fire resistance for 344 gold
                  | pieces
  9180 | D:10     | Noticed a gargoyle
  9181 | D:10     | Noticed Fannar
  9697 | D:10     | Killed a gargoyle
  9772 | D:10     | Found a staircase to the Lair.
 10104 | D:10     | Killed Fannar
 10105 | D:10     | Reached XP level 11. HP: 97/97 MP: 10/10
 10169 | Lair:1   | Entered Level 1 of the Lair of Beasts
 10276 | Lair:1   | Reached skill level 1 in Throwing
 10279 | Lair:1   | Reached skill level 10 in Fighting
 10319 | Lair:1   | Found a transporter.
 10322 | Lair:1   | Found a gate leading to a gauntlet.
 10344 | Lair:1   | Found a transporter.
 10353 | Lair:1   | Noticed Fractals's ghost (journeyman AtFi)
 10358 | Gauntlet | Entered a Gauntlet
 10358 | Gauntlet | Found a transporter.
 10358 | Gauntlet | Found a transporter.
 10358 | Gauntlet | Found a transporter.
 10363 | Gauntlet | Found a transporter.
 10373 | Gauntlet | Found a transporter.
 10381 | Gauntlet | Found a transporter.
 10497 | Gauntlet | Found a transporter.
 10511 | Gauntlet | Found a transporter.
 10532 | Gauntlet | Found a transporter.
 10559 | Gauntlet | Found a transporter.
 10618 | Gauntlet | Found a transporter.
 10627 | Gauntlet | Noticed an orange crystal statue
 10628 | Gauntlet | Found a transporter.
 10814 | Gauntlet | Identified the +2 cloak of Free Expression {+Blink MP+9
                  | Str-4 Int+3 Dex+2}
 10897 | Gauntlet | Noticed a soul eater
 10903 | Gauntlet | Killed an orange crystal statue
 10930 | Gauntlet | Identified the +0 ring mail "Kips" {Dex+2 Slay+5}
 11036 | Gauntlet | Noticed a minotaur
 11058 | Gauntlet | Killed a minotaur
 12004 | Lair:2   | Reached XP level 12. HP: 105/110 MP: 11/11
 12009 | Lair:2   | Noticed a seven-headed hydra
 12022 | Lair:2   | Killed a seven-headed hydra
 12023 | Lair:2   | Reached skill level 15 in Maces & Flails
 12237 | Lair:2   | Reached skill level 10 in Shields
 12389 | Lair:2   | Found a basalt altar of Yredelemnul.
 13649 | Lair:3   | Identified the +2 robe of the Apothecary {Harm +Inv Regen+
                  | Dex+3}
 13672 | Lair:3   | Noticed a four-headed hydra
 13691 | Lair:3   | Killed a four-headed hydra
 13728 | Lair:3   | Reached XP level 13. HP: 116/119 MP: 12/12
 13920 | Lair:3   | Found a hole to the Spider Nest.
 14075 | Lair:3   | Found a staircase to the Swamp.
 14264 | Lair:3   | Found the amulet of the Air {Inacc Air Fly rElec RMsl}
 14621 | Lair:3   | You fall into a shaft and drop 2 floors!
 14621 | Lair:5   | Entered Level 5 of the Lair of Beasts
 14770 | Lair:4   | Identified the +5 shortbow of Righteous Fury {freeze, rF+++
                  | rN+ Dex-3 Stlth-}
 14778 | Lair:4   | Found a staircase to the Slime Pits.
 14778 | Lair:4   | Found a viscous altar of Jiyva.
 15304 | Lair:3   | Bought a +0 pair of gloves of infusion for 207 gold pieces
 15680 | Lair:4   | Found a broken altar of Ashenzari.
 15770 | Lair:4   | Noticed Snorg
 16392 | Lair:4   | Killed Snorg
 18438 | Lair:5   | Reached XP level 14. HP: 111/129 MP: 10/13
 19390 | Lair:5   | Reached skill level 15 in Armour
 20014 | Lair:5   | Reached skill level 15 in Shields
 22798 | D:12     | Identified a scroll of acquirement
 22801 | D:12     | Acquired the amulet of Sedymmo {Reflect rF++ Will+ MP+9
                  | Dex-5 SH+5}
 23026 | D:12     | Found a staircase to the Orcish Mines.
 23505 | D:12     | Found a portal to a secret trove of treasure.
 23541 | D:12     | You paid a toll of 6 scrolls of fog to enter a treasure
                  | trove
 23542 | Trove    | Entered a treasure trove
 23545 | Trove    | Found the ring of the Hare {EV+10}
 23546 | Trove    | Identified the amulet of Fewoachusink {Spirit rN+ Int+3}
 23548 | Trove    | Identified the amulet "Wotzuhoit" {Reflect -Cast rC+ Will+
                  | SH+5}
 23550 | Trove    | Identified the amulet "Jafesuih" {Reflect Will- Int+3 SH+5}
 23556 | Trove    | Identified the ring of Fead {rElec Will++ rCorr MP+9 Dex-2}
 23561 | Trove    | Identified the ring "Wount" {rC- MP+9 Slay+3 SInv}
 23566 | Trove    | Identified the amulet of Lucidity {Reflect rPois Will+
                  | SH+5}
 23568 | Trove    | Identified the ring of Vahyeble {Ice *Corrode rPois MP+9
                  | Dex-4}
 23570 | Trove    | Identified the ring of Truth {Str+6 Int+2}
 24781 | D:13     | Reached XP level 15. HP: 124/139 MP: 14/14
 24831 | D:13     | Found a burning altar of Makhleb.
 24866 | D:13     | Identified the ring of Dishonesty {rF+ Will+ Int+3 Dex+3}
 25284 | D:13     | Noticed Jorgrun
 25623 | Orc:1    | Entered Level 1 of the Orcish Mines
 25929 | Orc:2    | Entered Level 2 of the Orcish Mines
 25932 | Orc:2    | Found a staircase to the Elven Halls.
 26632 | Orc:2    | Gained mutation: You occasionally lose the ability to read
                  | scrolls when taking damage. [a neqoxec]
 26993 | Orc:2    | Reached skill level 15 in Fighting
 27808 | Orc:2    | Found Moronn's Antique Weapon Shoppe.
 27808 | Orc:2    | Found Jofeymp's Book Shoppe.
 27809 | Orc:2    | Found Poaploec's Weapon Emporium.
 27809 | Orc:2    | Found Fapie's Assorted Antiques.
 27819 | Orc:2    | Bought a scroll of teleportation for 87 gold pieces
 27819 | Orc:2    | Bought a scroll of revelation for 217 gold pieces
 27819 | Orc:2    | Bought a scroll of fear for 116 gold pieces
 28037 | Orc:1    | Found Bero's Assorted Antiques.
 28126 | Orc:1    | Noticed Gastronok
 28142 | Orc:1    | Killed Gastronok
 28281 | Orc:1    | Bought a steaming morningstar for 288 gold pieces
 28281 | Orc:1    | Identified the +5 morningstar of the Lair of Beasts {venom,
                  | rF- rC+ MP+9 Int+3} (You bought it in a shop on level 1 of
                  | the Orcish Mines)
 28534 | Orc:1    | Bought a purple potion for 28 gold pieces
 28534 | Orc:1    | Bought a potion of haste for 320 gold pieces
 28534 | Orc:1    | Bought a scroll of revelation for 240 gold pieces
 28534 | Orc:1    | Bought a scroll of silence for 304 gold pieces
 28710 | D:13     | Killed Jorgrun
 28946 | D:14     | Found a frozen archway.
 28955 | IceCv    | Entered an ice cave
 29897 | IceCv    | Noticed a frost giant
 29897 | IceCv    | Noticed a frost giant
 29897 | IceCv    | Noticed a frost giant
 29919 | IceCv    | Killed a frost giant
 29927 | IceCv    | Killed a frost giant
 29932 | IceCv    | Killed a frost giant
 29938 | IceCv    | Reached XP level 16. HP: 104/151 MP: 13/15
 30339 | D:14     | Found a gate to the Vaults.
 30403 | D:14     | Identified the +7 falchion of Oenomania {chaos, rC+ rN+
                  | Will- Stlth+}
 31430 | D:14     | Bought 2 potions of curing for 126 gold pieces
 31430 | D:14     | Bought a wand of flame (6) for 88 gold pieces
 31430 | D:14     | Bought a wand of light (6) for 529 gold pieces
 31590 | Elf:1    | Entered Level 1 of the Elven Halls
 31607 | Elf:1    | Paralysed by an air elemental for 1 turns
 31834 | Elf:1    | Paralysed by an air elemental for 1 turns
 33176 | Elf:2    | Identified the +2 leather armour "Veisanibb" {rC+ Regen+
                  | Str+2 Stlth-}
 33216 | Elf:2    | Found Kereskem's Assorted Antiques.
 33584 | Elf:2    | Bought a scroll of identify for 52 gold pieces
 33584 | Elf:2    | Bought a scroll of teleportation for 78 gold pieces
 33584 | Elf:2    | Bought a smoky ruby potion for 23 gold pieces
 33818 | Elf:2    | Found a runed translucent gate.
 33818 | Elf:2    | Found a runed translucent gate.
 33818 | Elf:2    | Found a runed translucent gate.
 33933 | Elf:2    | Paralysed by an air elemental for 1 turns
 34292 | Elf:3    | Entered Level 3 of the Elven Halls
 34305 | Elf:3    | Reached XP level 17. HP: 161/161 MP: 16/16
 35301 | Elf:3    | Found a runed translucent gate.
 35301 | Elf:3    | Found a runed translucent gate.
 35301 | Elf:3    | Found a runed translucent gate.
 35302 | Elf:3    | Noticed frimble's ghost (adept OpWr)
 35388 | Elf:3    | Found Nymaixt's Distillery.
 35397 | Elf:3    | Bought a potion of curing for 39 gold pieces
 35397 | Elf:3    | Bought a potion of curing for 39 gold pieces
 35583 | Elf:3    | Noticed a deep elf master archer
 35600 | Elf:3    | Noticed a deep elf blademaster
 36032 | Elf:3    | Identified the amulet "Goic" {Spirit rF++}
 36034 | Elf:3    | Noticed a Tzitzimitl
 36054 | Elf:3    | Killed a deep elf master archer
 36054 | Elf:3    | Killed a deep elf blademaster
 36381 | Elf:3    | Noticed a deep elf master archer
 36386 | Elf:3    | Killed a deep elf master archer
 36410 | Elf:3    | Identified the +4 halberd "Pexkerch" {venom, rElec Will+
                  | Str+4}
 36410 | Elf:3    | Identified the +1 robe of Submission {Will+ Str+4}
 36754 | Elf:3    | Identified the +10 chain mail of Lust {rElec rPois Str+3}
 36936 | Elf:3    | Identified the amulet "Rafoqeq" {RegenMP rF+}
 37153 | Elf:3    | Identified the +1 robe of Baing {rC++}
 37442 | Elf:3    | Got the Anthology of the Impact
 37686 | Elf:3    | Killed frimble's ghost
 37869 | D:15     | Entered Level 15 of the Dungeon
 37871 | D:15     | Noticed Josephine
 37877 | D:15     | Killed Josephine
 37887 | D:15     | Noticed Kirke
 37906 | D:15     | Killed Kirke
 38017 | D:15     | Found a broken altar of Ashenzari.
 38245 | D:15     | Found a runed translucent door.
 38249 | D:15     | Found a shimmering altar of Xom.
 38249 | D:15     | Noticed Hiweh's ghost (journeyman DgCj)
 38283 | D:15     | Reached XP level 18. HP: 173/173 MP: 17/17
 38583 | D:15     | Found a staircase to the Depths.
 39141 | D:15     | Killed Hiweh's ghost
 39260 | Depths:1 | Entered Level 1 of the Depths
 39261 | Depths:1 | Noticed the Enchantress
 39498 | Swamp:1  | Entered Level 1 of the Swamp
 39498 | Swamp:1  | Noticed Mlioglotl
 39500 | Swamp:1  | Identified Roxanne's Verses on Oromancy
 39500 | Swamp:1  | Noticed Roxanne
 39505 | Swamp:1  | Noticed a profane servitor
 39513 | Swamp:1  | Killed Mlioglotl
 39651 | Swamp:1  | Killed Roxanne
 39927 | Swamp:1  | Identified the +3 chain mail of the Guild-Master {Str+3
                  | Dex-2}
 40652 | Swamp:1  | Bought a pair of embroidered boots for 315 gold pieces
 41219 | Swamp:2  | Found a hide-covered altar of Uskayaw.
 41385 | Swamp:2  | You fall into a shaft and drop 1 floor!
 41992 | Swamp:3  | Noticed Shard1697's ghost (adept DjSu)
 41995 | Swamp:3  | Found a runed translucent gate.
 41995 | Swamp:3  | Found a runed translucent gate.
 42016 | Swamp:3  | Found a runed translucent gate.
 42469 | Swamp:3  | Killed Shard1697's ghost
 42563 | Swamp:4  | Entered Level 4 of the Swamp
 44148 | Swamp:4  | Noticed a bone dragon
 44188 | Swamp:4  | Killed a bone dragon
 45027 | Swamp:4  | Got a decaying rune of Zot
 45335 | Spider:1 | Entered Level 1 of the Spider Nest
 45335 | Spider:1 | Noticed Rupert
 45354 | Lair:3   | Killed Rupert
 45355 | Lair:3   | Reached XP level 19. HP: 86/183 MP: 18/18
 46615 | Vaults:1 | Entered Level 1 of the Vaults
 47816 | Vaults:1 | Acquired 597 gold pieces
 49417 | Vaults:2 | Bought a potion of heal wounds for 130 gold pieces
 49417 | Vaults:2 | Bought 2 scrolls of blinking for 390 gold pieces
 49417 | Vaults:2 | Bought a potion of heal wounds for 130 gold pieces
 49417 | Vaults:2 | Bought a scroll of poison for 104 gold pieces
 49417 | Vaults:2 | Bought a scroll of fog for 104 gold pieces
 49417 | Vaults:2 | Bought a scroll of fog for 104 gold pieces
 49419 | Vaults:2 | Bought a pair of embroidered gloves for 300 gold pieces
 49906 | Vaults:2 | Identified the +3 ring mail of Autotheism {Int-5 Dex+4}
 50077 | Vaults:2 | Reached XP level 20. HP: 195/195 MP: 19/19
 50563 | Vaults:3 | Noticed Frederick
 50586 | Vaults:3 | Killed Frederick
 52083 | Vaults:3 | Identified the +5 arbalest of Hakhlaqoi {drain, Contam
                  | +Blink Will+++ Int-3}
 52306 | Vaults:3 | Found a staircase to the Crypt.
 52779 | Vaults:4 | Found a runed translucent gate.
 52779 | Vaults:4 | Found a runed translucent gate.
 52779 | Vaults:4 | Found an ancient bone altar of Kikubaaqudgha.
 52779 | Vaults:4 | Found a runed translucent gate.
 52779 | Vaults:4 | Noticed a dread lich
 52781 | Vaults:4 | Noticed Naox's ghost (adept KoAr)
 53362 | Vaults:4 | Identified the +7 great sword "Teshruoty" {flame, Str-3
                  | Dex+6}
 54139 | Vaults:5 | Entered Level 5 of the Vaults
 54195 | Vaults:5 | Reached skill level 27 in Shields
 54482 | Vaults:5 | Noticed a golden dragon
 54501 | Vaults:5 | Killed a golden dragon
 54752 | Vaults:5 | Reached XP level 21. HP: 210/212 MP: 20/20
 55080 | Vaults:5 | Identified the +1 troll leather armour of Wysibus {rF+++
                  | rC++ Regen+ Int-5}
 55702 | Vaults:5 | Identified the +1 orcbow of the Dungeon {antimagic, rPois
                  | Int+3 Dex+4}
 55767 | Vaults:5 | Identified the ring "Roelaeklea" {Ice Will++}
 55951 | Vaults:5 | Got a silver rune of Zot
 56202 | Vaults:5 | Identified the ring "Yroapo" {rF+ rC+ rCorr Dex+5}
 56343 | Vaults:5 | Identified the +3 robe "Murgherch" {Harm Dex+4}
 56457 | Vaults:5 | Noticed an ancient lich
 56478 | Vaults:5 | Killed an ancient lich
 56674 | Vaults:5 | Identified the +3 scimitar of Lixkus {speed, Fly rF+ Will+
                  | Stlth-}
 56758 | Vaults:5 | Found Enufoake's Antique Armour Boutique.
 56764 | Vaults:5 | Noticed a golden dragon
 56770 | Vaults:5 | Bought a spiked plate armour for 784 gold pieces
 56770 | Vaults:5 | Identified the +0 plate armour of Undesirable Species
                  | {Str+3 Int+6} (You bought it in a shop on level 5 of the
                  | Vaults)
 56770 | Vaults:5 | Bought a warped cloak for 266 gold pieces
 56770 | Vaults:5 | Identified the +0 cloak of Dithmenos's Esteem {rF+ rC+
                  | Regen+ Str-3} (You bought it in a shop on level 5 of the
                  | Vaults)
 56784 | Vaults:5 | Killed a golden dragon
 57224 | Vaults:5 | Identified the +1 robe "Qogyin" {+Blink Int+5 Dex-3}
 57333 | Vaults:4 | Killed a dread lich
 57376 | Vaults:4 | Killed Naox's ghost
 57400 | Vaults:4 | Identified the +0 pair of boots of the Blessed Realm {rPois
                  | Int+2 Stlth-}
 57412 | Vaults:4 | Identified the amulet "Kubror" {Harm *Slow Regen+ Dex+5}
 57606 | Crypt:1  | Entered Level 1 of the Crypt
 57881 | D:15     | Killed the Enchantress
 58248 | Depths:1 | Found a one-way gate to the infinite horrors of the Abyss.
 58362 | Depths:1 | Found a one-way gate leading to the halls of Pandemonium.
 58539 | Depths:1 | Found Inousixi's Antique Armour Shop.
 58572 | Depths:1 | Found a bloodstained altar of Trog.
 58657 | Depths:1 | Found a gateway to Hell.
 58848 | Depths:1 | Noticed Aizul
 58859 | Depths:1 | Killed Aizul
 58860 | Depths:1 | Reached XP level 22. HP: 207/228 MP: 21/21
 59482 | Depths:2 | Gained mutation: You sometimes lose your temper in combat.
                  | [a neqoxec]
 59483 | Depths:2 | Gained mutation: You are occasionally teleported next to
                  | monsters. [a neqoxec]
 59599 | Depths:2 | Noticed Vv
 59759 | Depths:2 | Noticed a caustic shrike
 59768 | Depths:2 | Killed a caustic shrike
 59897 | Depths:2 | Reached skill level 5 in Evocations
 59991 | Depths:2 | Killed Vv
 60352 | Depths:2 | Identified the +3 hand axe of Estatwodd {protect, *Corrode
                  | Fly rElec Str+4}
 60408 | Depths:2 | HP: 8/227 [vampire knight/+2 broad axe (27)]
 61186 | Lair:3   | Reached skill level 1 in Dodging
 61203 | Lair:3   | Lost mutation: You are occasionally teleported next to
                  | monsters. [potion of mutation]
 61203 | Lair:3   | Lost mutation: You occasionally lose the ability to read
                  | scrolls when taking damage. [potion of mutation]
 61203 | Lair:3   | Lost mutation: You sometimes lose your temper in combat.
                  | [potion of mutation]
 61203 | Lair:3   | Gained mutation: You are frail. (-10% HP) [potion of
                  | mutation]
 61203 | Lair:3   | Gained mutation: You possess an exceptional clarity of
                  | mind. [potion of mutation]
 61203 | Lair:3   | Gained mutation: You occasionally lose the ability to read
                  | scrolls when taking damage. [potion of mutation]
 61203 | Lair:3   | Lost mutation: You are frail. (-10% HP) [potion of
                  | mutation]
 61876 | Spider:2 | Noticed Arachne
 61908 | Spider:2 | Killed Arachne
 62434 | Spider:2 | Reached skill level 27 in Fighting
 62946 | Spider:3 | Noticed Louise
 62958 | Spider:3 | Killed Louise
 63320 | Spider:3 | Identified the +1 ring mail of the Other Side {rN+++ Str-5
                  | Dex+4}
 63632 | Spider:4 | Entered Level 4 of the Spider Nest
 64235 | Spider:4 | Reached skill level 5 in Dodging
 64247 | Spider:4 | Reached XP level 23. HP: 125/240 MP: 22/22
 64414 | Spider:4 | Got a gossamer rune of Zot
 64575 | Spider:4 | Noticed Nikola
 64596 | Spider:4 | Killed Nikola
 64685 | Spider:4 | Acquired a +4 eveningstar of venom
 65096 | Slime:1  | Entered Level 1 of the Pits of Slime
 65319 | Slime:2  | Noticed Dissolution
 65327 | Slime:2  | Paralysed by a floating eye for 2 turns
 65330 | Slime:2  | Killed Dissolution
 65349 | Slime:2  | Gained mutation: Your body sometimes deteriorates upon
                  | taking damage. [a shining eye]
 65353 | Slime:2  | Gained mutation: You are occasionally teleported next to
                  | monsters. [a shining eye]
 66040 | Slime:2  | Gained mutation: Your spells are a little easier to cast,
                  | but a little less powerful. [a shining eye]
 66043 | Slime:2  | Gained mutation: You are frail. (-10% HP) [a shining eye]
 67872 | Slime:4  | Reached skill level 27 in Maces & Flails
 68252 | Slime:4  | Gained mutation: You occasionally lose the ability to drink
                  | potions when taking damage. [a shining eye]
 68423 | Slime:4  | Paralysed by a formless jellyfish for 1 turns
 68791 | Slime:5  | Entered Level 5 of the Pits of Slime
 68795 | Slime:5  | Reached skill level 10 in Dodging
 69068 | Slime:5  | Paralysed by a formless jellyfish for 1 turns
 69500 | Slime:5  | Noticed the Royal Jelly
 69504 | Slime:5  | Found a viscous altar of Jiyva.
 69703 | Slime:4  | Lost mutation: Your body sometimes deteriorates upon taking
                  | damage. [potion of mutation]
 69703 | Slime:4  | Lost mutation: Your spells are a little easier to cast, but
                  | a little less powerful. [potion of mutation]
 69703 | Slime:4  | Gained mutation: Your body sometimes deteriorates upon
                  | taking damage. [potion of mutation]
 69703 | Slime:4  | Gained mutation: Your body often deteriorates upon taking
                  | damage. [potion of mutation]
 69703 | Slime:4  | Gained mutation: You are somewhat resistant to further
                  | mutation. [potion of mutation]
 69704 | Slime:4  | Lost mutation: You occasionally lose the ability to drink
                  | potions when taking damage. [potion of mutation]
 69704 | Slime:4  | Lost mutation: You occasionally lose the ability to read
                  | scrolls when taking damage. [potion of mutation]
 69704 | Slime:4  | Gained mutation: You passively map a small area around you.
                  | [potion of mutation]
 69705 | Slime:4  | Lost mutation: Your body often deteriorates upon taking
                  | damage. [potion of mutation]
 69705 | Slime:4  | Lost mutation: You passively map a small area around you.
                  | [potion of mutation]
 69705 | Slime:4  | Lost mutation: You possess an exceptional clarity of mind.
                  | [potion of mutation]
 69705 | Slime:4  | Gained mutation: Your muscles are strong. (Str +4, Int/Dex
                  | -1) [potion of mutation]
 69706 | Slime:4  | Lost mutation: Your muscles are strong. (Str +4, Int/Dex
                  | -1) [potion of mutation]
 69706 | Slime:4  | Lost mutation: You are frail. (-10% HP) [potion of
                  | mutation]
 69707 | Slime:4  | Lost mutation: You are occasionally teleported next to
                  | monsters. [potion of mutation]
 69707 | Slime:4  | Lost mutation: You are somewhat resistant to further
                  | mutation. [potion of mutation]
 69707 | Slime:4  | Gained mutation: You occasionally lose the ability to drink
                  | potions when taking damage. [potion of mutation]
 69707 | Slime:4  | Gained mutation: You have large cloven feet. [potion of
                  | mutation]
 69707 | Slime:4  | Gained mutation: You have hidden genetic potential. [potion
                  | of mutation]
 69894 | Slime:5  | Killed the Royal Jelly
 70692 | Slime:5  | Acquired a manual of Stealth
 70712 | Slime:5  | Identified the +2 cloak "Kohuilayd" {Rampage rPois Int-3
                  | Dex+3}
 70713 | Slime:5  | Identified the +10 spear of Qiffucvi {venom, rPois rN+++
                  | MP+9 Stlth-}
 70720 | Slime:5  | Identified the amulet "Qoafotz" {Harm +Inv rPois Regen+
                  | Slay+2}
 70722 | Slime:5  | Got a slimy rune of Zot
 70723 | Slime:5  | Identified the amulet of Muit {Acrobat Rampage}
 70724 | Slime:5  | Identified the +9 short sword of Day {flame, rN+}
 70735 | Slime:5  | Identified the +4 demon blade "Qaut" {vamp, rF+ Str+2}
 70737 | Slime:5  | Got Sag Igaq's Information on Configuration and Virulence
 71244 | Depths:1 | Voluntarily entered the Abyss.
 71249 | Abyss:1  | Found a corrupted altar of Lugonu.
 71252 | Abyss:1  | Found a corrupted altar of Lugonu.
 71281 | Abyss:1  | Gained mutation: You sometimes lose the ability to drink
                  | potions when taking damage. [a neqoxec]
 71333 | Abyss:1  | Reached XP level 24. HP: 249/249 MP: 22/22
 71885 | Abyss:1  | Found a corrupted altar of Lugonu.
 71941 | Abyss:1  | Noticed a dread lich
 71952 | Abyss:1  | Killed a dread lich
 72257 | Abyss:2  | Found a corrupted altar of Lugonu.
 72298 | Abyss:3  | Found a corrupted altar of Lugonu.
 72299 | Abyss:3  | Gained mutation: You are weak. (Str -2) [a neqoxec]
 72301 | Abyss:3  | Gained mutation: Your magical capacity is low. (-10% MP) [a
                  | neqoxec]
 72311 | Abyss:3  | Got an abyssal rune of Zot
 72316 | Abyss:3  | Gained mutation: You occasionally lose the ability to read
                  | scrolls when taking damage. [a neqoxec]
 72317 | Abyss:3  | Lost intelligence.
 72354 | Depths:1 | Escaped the Abyss
 72975 | Crypt:1  | Reached skill level 15 in Dodging
 73780 | Crypt:2  | Found a transporter.
 73891 | Crypt:2  | Noticed Khufu
 73907 | Crypt:2  | Killed Khufu
 74178 | Crypt:2  | Found a transporter.
 74880 | Crypt:3  | Entered Level 3 of the Crypt
 74991 | Crypt:3  | Noticed Boris
 75004 | Crypt:3  | Killed Boris
 75500 | Crypt:3  | Noticed Saint Roka
 75531 | Crypt:3  | Killed Saint Roka
 75537 | Crypt:3  | Gained mutation: Your spells are a little harder to cast,
                  | but a little more powerful. [hidden potential]
 76073 | Crypt:3  | Reached XP level 25. HP: 256/257 MP: 14/19
 76081 | Crypt:3  | Identified the +5 flail "Kir Wagg" {flame, Str+5 Int+2}
 76082 | Crypt:3  | Identified the ring of Xiplucet {rC+ Dex+3}
 76084 | Crypt:3  | Identified the ring "Featiero" {rC+ Int+6}
 76097 | Crypt:3  | Got Kikubaaqudgha's Guidebook on Cadavers
 76099 | Crypt:3  | Got Sif Muna's Parchment of Despicable Secrets
 76240 | Crypt:3  | Found a basalt altar of Yredelemnul.
 76481 | Crypt:3  | Acquired 438 gold pieces
 76980 | Crypt:3  | Noticed a royal mummy
 76995 | Crypt:3  | Killed a royal mummy
 77285 | Crypt:3  | Found a staircase to the Tomb.
 78480 | Crypt:3  | Identified the +0 gold dragon scales of the Journeyman
                  | {rPois rF+ rC+ Dex+4}
 78484 | Crypt:3  | Identified the +4 halberd of Untimely Demise {heavy, rPois
                  | rC- Str+5}
 78485 | Crypt:3  | Identified the ring of Jacem {rElec rN+ Str+3}
 78485 | Crypt:3  | Identified the amulet of Conversion {Drain Regen+ Str+6
                  | SInv}
 78485 | Crypt:3  | Identified the ring "Appeemic" {rPois rN+ Stlth+}
 78961 | Hell     | Entered the Vestibule of Hell
 78962 | Hell     | Noticed Geryon
 78970 | Hell     | Noticed Murray
 79517 | Depths:1 | Killed Murray
 80860 | Depths:2 | Found Tuckam's Armour Shop.
 81248 | Depths:2 | Identified the +1 short sword "Transmigrator" {flame,
                  | Will++ MP-9}
 81990 | Depths:3 | Gained mutation: You have hoof-like feet. [hidden
                  | potential]
 81990 | Depths:3 | Lost mutation: You have hidden genetic potential. [hidden
                  | potential expressed]
 82216 | Depths:3 | Found a glowing silver altar of Zin.
 82942 | Depths:4 | Entered Level 4 of the Depths
 83247 | Depths:4 | Noticed Margery
 83262 | Depths:4 | Killed Margery
 83308 | Depths:4 | Reached XP level 26. HP: 202/261 MP: 0/19
 83506 | Depths:4 | Noticed Boris
 83514 | Depths:4 | Killed Boris
 83762 | Depths:4 | Found a one-way gateway to a ziggurat.
 84012 | Depths:4 | Found a white marble altar of Elyvilon.
 84125 | Depths:4 | Found a gate to the Realm of Zot.
 84785 | Depths:4 | Bought a jewelled plate armour for 896 gold pieces
 84785 | Depths:4 | Identified the +1 plate armour of the Lair of Beasts
                  | {Rampage Slay+2} (You bought it in a shop on level 4 of the
                  | Depths)
 84789 | Depths:4 | Bought the +9 scales of the Dragon King {rPois rF+ rC+
                  | Will+} for 1996 gold pieces
 84789 | Depths:4 | Found the +9 scales of the Dragon King {rPois rF+ rC+
                  | Will+}
 84864 | Zot:1    | Entered Level 1 of the Realm of Zot
 85936 | Zot:2    | Reached skill level 1 in Stealth
 86357 | Zot:2    | Identified the staff "Kafuzuk" {rF+ Will++ Fire}
 86720 | Zot:3    | Noticed Parghit
 87506 | Depths:1 | Lost mutation: Your magical capacity is low. (-10% MP)
                  | [potion of mutation]
 87506 | Depths:1 | Lost mutation: You sometimes lose the ability to drink
                  | potions when taking damage. [potion of mutation]
 87506 | Depths:1 | Gained mutation: You possess an exceptional clarity of
                  | mind. [potion of mutation]
 87506 | Depths:1 | Gained mutation: You are very weak. (Str -4) [potion of
                  | mutation]
 87506 | Depths:1 | Gained mutation: Your spells are harder to cast, but more
                  | powerful. [potion of mutation]
 87507 | Depths:1 | Lost mutation: You have hoof-like feet. [potion of
                  | mutation]
 87507 | Depths:1 | Lost mutation: You have large cloven feet. [potion of
                  | mutation]
 87507 | Depths:1 | Lost mutation: You occasionally lose the ability to drink
                  | potions when taking damage. [potion of mutation]
 87507 | Depths:1 | Lost mutation: You possess an exceptional clarity of mind.
                  | [potion of mutation]
 87508 | Depths:1 | Lost mutation: You occasionally lose the ability to read
                  | scrolls when taking damage. [potion of mutation]
 87508 | Depths:1 | Lost mutation: Your spells are harder to cast, but more
                  | powerful. [potion of mutation]
 87508 | Depths:1 | Gained mutation: You are robust. (+10% HP) [potion of
                  | mutation]
 87508 | Depths:1 | Gained mutation: You have sharp fingernails. [potion of
                  | mutation]
 88371 | Elf:2    | Reached skill level 5 in Stealth
 89622 | Hell     | Found a gateway to the decaying netherworld of Tartarus.
 90010 | Hell     | Found a gateway to the Iron City of Dis.
 90069 | Hell     | Found a gateway to the freezing wastes of Cocytus.
 90098 | Hell     | Found a gateway to the ashen valley of Gehenna.
 90247 | Hell     | Killed Geryon
 90248 | Hell     | Reached skill level 27 in Armour
 90362 | Coc:1    | Entered Level 1 of Cocytus
 90426 | Coc:1    | Noticed an ancient lich
 90445 | Coc:1    | Killed an ancient lich
 90898 | Coc:2    | Paralysed by a wendigo for 1 turns
 90907 | Coc:2    | Reached XP level 27. HP: 172/300 MP: 18/22
 91693 | Coc:4    | Reached skill level 10 in Stealth
 92484 | Coc:7    | Entered Level 7 of Cocytus
 92534 | Coc:7    | Reached skill level 10 in Evocations
 92682 | Coc:7    | Paralysed by a wendigo for 1 turns
 92692 | Coc:7    | Paralysed by a wendigo for 1 turns
 93043 | Coc:7    | Paralysed by a wendigo for 1 turns
 93057 | Coc:7    | Paralysed by a wendigo for 1 turns
 93071 | Coc:7    | Paralysed by a wendigo for 1 turns
 93081 | Coc:7    | Paralysed by a wendigo for 1 turns
 93566 | Coc:7    | Identified the +8 spear of Tyackidi {elec, rN+ Int+4}
 93892 | Coc:7    | Reached skill level 15 in Stealth
 94287 | Coc:7    | Noticed Antaeus
 95310 | Coc:7    | Killed Antaeus
 95608 | Coc:7    | Got an icy rune of Zot
 95855 | Coc:7    | Identified the ring "Ehoosef" {Wiz Str+4 Stlth+}
 95859 | Coc:7    | Identified the +11 quarterstaff of Evisceration {spect,
                  | Str+6}
 96038 | Coc:7    | Paralysed by a wendigo for 1 turns
 96041 | Coc:7    | Paralysed by a wendigo for 1 turns
 96054 | Coc:7    | Paralysed by a wendigo for 1 turns
 96710 | Geh:1    | Entered Level 1 of Gehenna
 96735 | Geh:1    | Noticed a dread lich
 96771 | Geh:1    | Killed a dread lich
 97965 | Geh:4    | HP: 6/300 [Brimstone Fiend/damnation (22)]
 99123 | Geh:5    | You fall into a shaft and drop 1 floor!
 99545 | Geh:7    | Entered Level 7 of Gehenna
100384 | Geh:7    | Found the necklace of Bloodlust {Fury *Rage Will++ Int-3
                  | Slay+6}
100685 | Geh:7    | Reached skill level 15 in Evocations
100836 | Geh:7    | Identified the staff of Hacking and Slashing {rC+ Int+3
                  | Stlth+ Ice}
101507 | Geh:7    | Identified the +8 trident of Friendship {flame, rCorr Str+4
                  | Stlth-}
101508 | Geh:7    | Identified the ring "Jusidan" {rElec rF+ Str-5 Dex+2}
101581 | Geh:7    | Found the +13 sceptre of Asmodeus
101581 | Geh:7    | Noticed Asmodeus
101600 | Geh:7    | Killed Asmodeus
101625 | Geh:7    | Found the +4 Cigotuvi's embrace {Corpsefed rMiasma Drain
                  | rN+}
101632 | Geh:7    | Found the +2 hood of the Assassin {Detect Stab+ Stlth++}
101659 | Geh:7    | Identified the +0 rapier of Dissolution {speed, Stlth+}
101660 | Geh:7    | Identified the staff "Beetlebane" {Fly rN+ Will+ Stlth+
                  | Necro}
101667 | Geh:7    | Identified the staff "Geonk" {Str+3 Earth}
101687 | Geh:7    | Got an obsidian rune of Zot
101700 | Geh:7    | Identified the +5 scale mail "Kiucis" {rF+ rC- Dex+2
                  | Stlth+}
102066 | Dis:1    | Entered Level 1 of the Iron City of Dis
102465 | Dis:2    | Killed from afar by a war gargoyle

Illustrated notes

Levels and vault maps discovered:
D:1:      spicycebolla_arrival_clurvy, layout_rooms
D:2:      layout_rooms, lexackson_kobold_supper
D:3:      layout_basic
D:4:      layout_loops_ring, nzn_wu_jian_council_hall
D:5:      layout_gridville, kennysheep_okawaru_gauntlet,
          mainiacjoe_overflow_tiny_flanked, patterned_corridor, uniq_edmund
D:6:      layout_rooms, minmay_temple_entry_glass, serial_demonic,
          serial_demonic_f, serial_demonic_f, serial_demonic_d,
          serial_demonic_f, minmay_starry_boxes
D:7:      layout_loops_ring, nrook_uturn, minmay_misc_feat_roman,
          uniq_crazy_yiuf_cottage
D:8:      layout_cave_pods, nicolae_ossuary_entry_giza, minmay_misc_feat_square,
          nicolae_transporter_intersection, uniq_amaemon, uniq_maurice
D:9:      layout_roguey
D:10:     layout_basic, lair_entry_dummy, serial_shops, shop_statue,
          kennysheep_flooded_box, uniq_fannar
D:11:     layout_layer_cave, hangedman_ranch
D:12:     layout_roguey, orc_0_dummy, nicolae_trove_entry_free_sample,
          billiards_dpeg
D:13:     nicolae_cairo_tiling_large_dashed, layout_basic, serial_corexii_hall,
          chequers_hall_statues_y, corexii_hall_statues_s,
          chequers_hall_statues_wall_a, corexii_hall_statues_l,
          nicolae_nh_vlads_tower, uniq_jorgrun
D:14:     layout_gridville, david_vaults_2, serial_co_window_serial,
          co_window_corner_a, co_window_of_opportunity_a, co_window_corner_a,
          co_window_paths_b, co_window_corner_a, co_window_cross_1,
          co_window_corner_a, co_window_of_opportunity_a,
          co_window_of_opportunity_a, co_window_2corner,
          co_window_unsneaky_path_c, co_window_corner_b, co_window_2corner,
          co_window_paths_e, glass_columns_c, corexii_leaking_fountain,
          portal_ice_cave_entry_pillars_1, drop_trap, minmay_misc_feat_enclosed
D:15:     gammafunk_enter_depths_forms, layout_loops_ring, special_room
          [special_room_orc], ebering_ghost_xom, ashenzari_altar_1,
          uniq_josephine, uniq_kirke
Temple:   compressed_dpeg_triangle_lava_temple
Lair:1:   layout_regular_city, gammafunk_ghost_berserking_beasts,
          gauntlet_entry_generic
Lair:2:   beast_lair_carwin_large_2, layout_cave_pods, basic_altar,
          infiniplex_staircase_pool_2, grunt_megastairs_5
Lair:3:   layout_loops_ring, skrybe_swamp_entry_bodies, spider_nest_entry_webs,
          grunt_megastairs_2
Lair:4:   regret_index_harrowing_hell_hive, layout_regular_city, slime_entry_1,
          basic_altar, worms_lemuel, serial_bayou_shore_b, serial_bayou_shore_a,
          uniq_snorg
Lair:5:   gammafunk_lair_ancient_temple, layout_cave_pods
Swamp:1:  layout_basic_swamp, serial_swamp_ruin, hangedman_swamp_ruin_wall,
          evilmike_swamp_ruin_rubble_2, uniq_roxanne, uniq_mlioglotl
Swamp:2:  layout_basic_swamp, nicolae_swamp_godswood
Swamp:3:  layout_basic_swamp, gammafunk_ghost_split, nicolae_swamp_little_swirl,
          swamp_pool5
Swamp:4:  swamp_pestilence, layout_basic_swamp
Spider:1: layout_spider_delve, nicolae_crawler_farm, uniq_rupert
Spider:2: layout_chambers, uniq_arachne
Spider:3: layout_spider_delve, uniq_louise
Spider:4: hellmonk_spider_rune_bug_friends, uniq_nikola
Slime:1:  layout_caves
Slime:2:  layout_caves, dissolution_awaits
Slime:3:  layout_caves
Slime:4:  layout_caves, special_room [special_room_jelly],
          nicolae_slime_crime_time
Slime:5:  slime_pit_nicolae_royal_road_to_ruin, uniq_dissolution
Orc:1:    layout_caves, serial_shops, shop, basic_altar, uniq_gastronok
Orc:2:    st_orc_pillars, layout_diamond_mine
Elf:1:    layout_loops_corners, hangedman_elven_crosses_minicolossus,
          hangedman_corner_corridor
Elf:2:    nicolae_elf_blades_crystal_corner, layout_geoelf_diagonals,
          serial_shops, shop
Elf:3:    minmay_elf_hall_x, layout_loops_corners, serial_shops,
          nicolae_lakefront_shop, ebering_ghost_rock_garden
Vaults:1: nicolae_vaults_sightless_eye, nicolae_vaults_oval_intersection,
          nicolae_vaults_little_squares_6, hangedman_vaults_stretched_pinwheel,
          nicolae_vaults_offset_grid_hallway_4, hangedman_vaults_unwind,
          nicolae_vaults_house_1, v_misc_4, nicolae_vaults_little_squares_6,
          hangedman_vaults_locks, hangedman_vaults_trim,
          ontoclasm_vaults_ligature, ontoclasm_vaults_eye, v_misc_22,
          vaults_mumra_lcd, nicolae_vaults_offset_grid_hallway_2,
          nicolae_vaults_library_corner, layout_vaults_omnibox
Vaults:2: nicolae_vaults_network_periphery, nicolae_vaults_shrinking_rooms_1,
          nicolae_vaults_closet_pinwheel_3, nicolae_vaults_heist,
          nicolae_vaults_offset_grid_hallway_4, vaults_room_pools,
          nicolae_vaults_double_plus_1, layout_vaults_chaotic_city
Vaults:3: v_misc_13, v_misc_1, nicolae_vaults_shrinking_rooms_2,
          nicolae_vaults_yaktaur_gun_rack, v_alt_pattern_5,
          hangedman_vaults_variations, minmay_crypt_entry_simple_round,
          v_misc_10, vaults_dpeg_emergency_exit, serial_ice_g, sword_in_stone,
          layout_vaults_ring
Vaults:4: gammafunk_ghost_crypt, nicolae_vaults_more_shelving_2,
          nicolae_vaults_closet_pinwheel_1, nicolae_vaults_wine_cellar,
          ontoclasm_vaults_claustrophobia, vaults_room_grid,
          nicolae_vaults_double_plus_2, nicolae_vaults_diamond_1,
          layout_vaults_quadrants
Vaults:5
Crypt:1:  layout_rooms, grunt_crypt_arrival_guarded_gate, lemuel_upstairs_altar,
          grunt_megastairs_3
Crypt:2:  gammafunk_dig_for_victory, layout_regular_city, uniq_frederick,
          uniq_khufu
Crypt:3:  evilmike_haunted_forest, uniq_josephina, uniq_saint_roka, uniq_boris
Depths:1: layout_basic, hangedman_coc_ice_floe, pan_entry,
          abyss_entry_glasseish, serial_shops, nicolae_shop_tiny_glass,
          small_chamber_with_monster, trog_three_pillars_becter, uniq_aizul,
          uniq_enchantress
Depths:2: minmay_octagon_city, layout_basic, rand_demon_pan_entry_5,
          serial_shops, shop, hell_entry, firewood_loft, uniq_vv
Depths:3: minmay_imperfect_grid, layout_basic, abyss_entry_crystal, hell_entry,
          zin_academy
Depths:4: grunt_x_marks_the_spot, layout_cave_pools, enter_ziggurat_b,
          rand_demon_pan_entry_9, abyss_entry, grunt_hell_entry_dis_old,
          elyvilon_altar_1, evilmike_butchery, uniq_margery
Hell
Dis:1:    layout_subdivisions
Dis:2:    layout_gridville
Geh:1:    layout_gehenna_lava_caves
Geh:2:    layout_gehenna_lava_caves, gehenna_fire_generator
Geh:3:    layout_gehenna_pools_triple
Geh:4:    layout_gehenna_lava_caves
Geh:5:    layout_gehenna_pools_triple
Geh:6:    layout_gehenna_lava_caves
Geh:7:    geh_mu
Coc:1:    layout_cocytus_water_paths
Coc:2:    layout_cocytus_water_paths
Coc:3:    layout_ice_bergs, nicolae_hells_seeping_fissure
Coc:4:    layout_cocytus_water_paths
Coc:5:    layout_cocytus_water_paths
Coc:6:    layout_cocytus_water_paths
Coc:7:    coc_mu
Zot:1:    layout_gridlike
Zot:2:    layout_misc_corridors
Zot:3:    layout_cellular_growth, drop_trap, st_stairs_6, uniq_parghit

Skill      XL: |  1  2  3  4  5  6  7  8  9 10 11 12 13 14 15 16 17 18 19 20 21 22 23 24 25 26 27 |
---------------+----------------------------------------------------------------------------------+-----
Armour         | 4 5 6 8 9 11 12 13 14 15 16 17 18 19 20 21 22 23 24 25 27 | 27.0
Shields        | 4 5 6 7 8 11 14 16 18 20 22 24 25 27 | 27.0
Maces & Flails | 3 4 5 6 8 9 11 13 14 15 16 17 18 19 20 21 22 24 25 27 | 27.0
Fighting       | 4 5 6 8 9 11 12 13 14 15 17 18 19 20 23 25 27 | 27.0
Evocations     | 1 2 3 4 5 7 8 16 | 16.2
Throwing       | 2 3 |  3.5
Dodging        | 5 12 17 21 23 | 23.8
Stealth        | 8 19 | 19.1

Action                     |  1- 3 |  4- 6 |  7- 9 | 10-12 | 13-15 | 16-18 | 19-21 | 22-24 | 25-27 || total
---------------------------+-------+-------+-------+-------+-------+-------+-------+-------+-------++-------
  Melee: Flail             |    92 |   102 |   356 |   706 |   703 |       |       |       |       ||  1959
         Headbutt          |    14 |    13 |    62 |   175 |   444 |   336 |   487 |   745 |  1076 ||  3352
         Demon whip        |       |       |       |       |   891 |       |       |       |       ||   891
         Morningstar       |       |       |       |       |   231 |  1550 |  1747 |   779 |       ||  4307
         Eveningstar       |       |       |       |       |       |       |       |  1649 |  3363 ||  5012
         Kick              |       |       |       |       |       |       |       |       |     7 ||     7
  Throw: Dart              |       |       |       |    13 |    23 |     7 |     1 |     3 |       ||    47
 Invoke: Potion Petition   |       |       |       |     2 |       |     1 |       |     8 |     9 ||    20
         Call Merchant     |       |       |       |       |     1 |     5 |     2 |       |     2 ||    10
  Evoke: Wand              |       |       |    10 |     5 |    13 |     8 |     2 |     8 |    28 ||    74
         Lightning rod     |       |       |       |     6 |     6 |    14 |     4 |     8 |     4 ||    42
         Piece from Xom's  |       |       |       |     1 |    16 |       |       |       |       ||    17
         Tin of tremorston |       |       |       |       |     2 |     5 |     5 |     6 |     6 ||    24
         Box of beasts     |       |       |       |       |     1 |     2 |     2 |     3 |     4 ||    12
         Phantom mirror    |       |       |       |       |       |     3 |       |     2 |     3 ||     8
         Phial of floods   |       |       |       |       |       |     2 |     2 |     3 |     1 ||     8
         Horn of Geryon    |       |       |       |       |       |       |       |       |     2 ||     2
    Use: Scroll            |       |     5 |    13 |    11 |    10 |     8 |     6 |    20 |    12 ||    85
         Potion            |       |     2 |     6 |     6 |     4 |    16 |     9 |    20 |    13 ||    76
   Stab: Distracted        |       |       |     1 |    10 |     8 |    12 |    10 |    13 |    18 ||    72
         Invisible         |       |       |       |     1 |       |     1 |       |     3 |     1 ||     6
         Sleeping          |       |       |       |       |     1 |       |       |       |       ||     1
         Petrified         |       |       |       |       |     2 |       |       |       |       ||     2
         Confused          |       |       |       |       |       |       |       |       |     2 ||     2
 Armour: Scale mail        |    12 |       |       |       |       |       |       |       |       ||    12
         Chain mail        |    22 |    43 |   201 |    77 |       |       |       |       |       ||   343
         Skin              |       |       |    15 |     4 |       |       |       |       |     7 ||    26
         Plate armour      |       |       |       |   135 |   584 |   475 |   202 |       |       ||  1396
         Ring mail         |       |       |       |     3 |       |       |       |       |       ||     3
         Pearl dragon scal |       |       |       |       |       |       |   179 |   686 |   181 ||  1046
         Gold dragon scale |       |       |       |       |       |       |       |       |   898 ||   898
  Dodge: Dodged            |    37 |    36 |   131 |   177 |   466 |   482 |   586 |  1203 |  1656 ||  4774
  Block: Buckler           |    29 |    22 |    67 |    50 |       |       |       |       |       ||   168
         Tower shield      |       |       |       |   331 |  1555 |  1498 |  1823 |  3012 |  4130 || 12349
         Reflection        |       |       |       |       |    16 |    93 |    98 |    36 |    78 ||   321

Table legend: (Time is in decaauts)
 A = Elapsed time spent in this place.
 B = Non-inter-level travel time spent in this place.
 C = Inter-level travel time spent in this place.
 D = Time resting spent in this place.
 E = Time spent auto-exploring this place.
 F = Levels seen in this place.
 G = Mean time per level.
                   A        B        C        D        E       F      G
               +--------+--------+--------+--------+--------+-----+--------+
         Total | 100506 |  95028 |   5478 |  24923 |  48967 |  78 | 1288.5 |
       Dungeon |  18461 |  16559 |   1902 |   2737 |  10768 |  15 | 1230.7 |
        Temple |    143 |    143 |      0 |      0 |    100 |   1 |  143.0 |
          Lair |  11817 |  11231 |    586 |   3499 |   5196 |   5 | 2363.4 |
         Swamp |   5917 |   5761 |    156 |   2260 |   2499 |   4 | 1479.2 |
   Spider Nest |   3759 |   3584 |    175 |    158 |   2708 |   4 |  939.8 |
    Slime Pits |   5672 |   5477 |    195 |   2115 |   2045 |   5 | 1134.4 |
  Orcish Mines |   2841 |   2672 |    169 |    790 |   1263 |   2 | 1420.5 |
   Elven Halls |   6687 |   6453 |    234 |   1984 |   3052 |   3 | 2229.0 |
        Vaults |  10695 |  10229 |    466 |   2270 |   6121 |   5 | 2139.0 |
         Crypt |   6517 |   6253 |    264 |   1291 |   3623 |   3 | 2172.3 |
        Depths |   9596 |   8996 |    600 |   2085 |   4950 |   4 | 2399.0 |
          Hell |   1377 |   1309 |     68 |    607 |    306 |   1 | 1377.0 |
           Dis |    357 |    331 |     26 |    176 |     29 |   2 |  178.5 |
       Gehenna |   5005 |   4868 |    137 |   1386 |   2229 |   7 |  715.0 |
       Cocytus |   6059 |   5670 |    389 |   2206 |   1786 |   7 |  865.6 |
           Zot |   1908 |   1804 |    104 |    202 |   1231 |   3 |  636.0 |
         Abyss |   1037 |   1037 |      0 |     91 |    365 |   3 |  345.7 |
         Trove |     37 |     37 |      0 |      0 |      0 |   1 |   37.0 |
       Ossuary |    419 |    419 |      0 |     61 |    210 |   1 |  419.0 |
      Ice Cave |   1311 |   1311 |      0 |    658 |    252 |   1 | 1311.0 |
      Gauntlet |    880 |    880 |      0 |    342 |    232 |   1 |  880.0 |
               +--------+--------+--------+--------+--------+-----+--------+

Top non-repeatable levels by time:
   Coc:7: 4052 daAuts
  Lair:4: 3784 daAuts
 Crypt:3: 3783 daAuts
   Elf:3: 3346 daAuts
Vaults:5: 2959 daAuts
Depths:2: 2905 daAuts
Depths:1: 2845 daAuts
  Lair:5: 2761 daAuts
  Lair:3: 2486 daAuts
 Swamp:4: 2306 daAuts
   Geh:7: 2262 daAuts
Depths:4: 2258 daAuts
Vaults:2: 2171 daAuts
    D:15: 2135 daAuts
     D:8: 1996 daAuts
